 Dungeon Crawl Stone Soup version 0.32-a0-876-gcfddb08e57 (webtiles) character file.

Game seed: 12860645575965114708

2098214 Gryn the Minotaur Ballista (level 26, 231/274 (277) HPs)
             Began as a Minotaur Berserker on Apr 2, 2024.
             Was a High Priest of Trog.
             Escaped with the Orb
             ... and 3 runes
             ... and 1 gem!
             The game lasted 03:04:47 (50166 turns).

Gryn the Minotaur Ballista (Minotaur Berserker)    Turns: 50166, Time: 03:04:48

HP:   231/274 (277) AC: 46    Str: 37      XL:     26   Next: 92%
MP:   22/22         EV: 20    Int:  6 (8)  God:    Trog [*****.]
Gold: 4631          SH: 20    Dex: 20 (21) Spells: 25/25 levels left

rFire   + + +        b - +9 broad axe (vamp)
rCold   + + +        g - +2 shield of Resistance {rF++ rC++ Will++}
rNeg    . . .        Q - +8 gold dragon scales
rPois   +            (helmet restricted)
rElec   .            p - +2 cloak "Etwoloxe" {+Inv Regen+ Stlth+}
rCorr   +            O - +2 pair of gloves {Str+3}
SInv    +            s - +0 pair of boots "Xeolysm" {rPois rCorr Str+2}
Will    +++++        M - amulet of Vitality {Regen++ RegenMP++} Stlth
                     U - ring "Rudwacoo" {Str+5 Int+2 Dex+6 SInv}
HPRegen 4.05/turn    B - ring of the Octopus King {Fly HP+2 AC+2 EV+2 SH+2}
MPRegen 0.98/turn

%: random rage (3%)
@: strong-willed, flying, regenerating, hasted, studying Maces & Flails, lightly
drained, very quick
A: horns 2, retaliatory headbutt, iridescent scales 1, thin skeletal structure
1, berserk 1, deterioration 2, robust 1, weak 1, wild magic 1, persistent drain
0: Orb of Zot
}: 3/15 runes: decaying, serpentine, silver
a: Renounce Religion, Evoke Invisibility, Berserk, Trog's Hand, Brothers in Arms


You escaped.
You worshipped Trog.
Trog was extremely pleased with you.
You visited 9 branches of the dungeon, and saw 47 of its levels.
You also visited: Gauntlet, Volcano, Wizlab and Desolation.

You collected 7232 gold pieces.
You spent 2601 gold pieces at shops.

Inventory:

Hand Weapons
 a - the +1 broad axe "Wylutaw" {flame, Str+3 Dex+3 SInv Stlth+}
   (Trog gifted it to you on level 2 of the Vaults)

   Str+3:     It affects your strength (+3).
   Dex+3:     It affects your dexterity (+3).
   SInv:      It lets you see invisible.
   Stlth+:    It makes you more stealthy.
 b - a +9 vampiric broad axe (weapon)
Missiles
 x - 16 javelins
 z - 38 boomerangs (quivered)
 H - 17 curare-tipped darts
Armour
 g - the +2 shield of Resistance (worn) {rF++ rC++ Will++}
   (You found it in the Desolation of Salt)

   rF++:      It greatly protects you from fire.
   rC++:      It greatly protects you from cold.
   Will++:    It greatly increases your willpower.
 k - the +3 crown of Dyrovepreva {rElec Int+2 SInv}
   (You found it in a Gauntlet)

   Int+2:     It affects your intelligence (+2).
   rElec:     It insulates you from electricity.
   SInv:      It lets you see invisible.
 p - the +2 cloak "Etwoloxe" (worn) {+Inv Regen+ Stlth+}
   (You found it in a Gauntlet)

   +Inv:      It lets you turn invisible.
   Regen+:    It increases your rate of health regeneration.
   Stlth+:    It makes you more stealthy.
 s - the +0 pair of boots "Xeolysm" (worn) {rPois rCorr Str+2}
   (You acquired it on level 4 of the Swamp)

   Str+2:     It affects your strength (+2).
   rPois:     It protects you from poison.
   rCorr:     It protects you from acid and corrosion.
 O - a +2 pair of gloves of strength (worn)
 Q - +8 gold dragon scales (worn)
Jewellery
 B - a ring of the Octopus King (right hand) {Fly HP+2 AC+2 EV+2 SH+2}
   (You took it off a deep elf death mage on level 3 of the Elven Halls)

   [ring of flight]

   AC+2:      It affects your AC (+2).
   EV+2:      It affects your evasion (+2).
   HP+2:      It affects your health (+2).
   Fly:       It grants you flight.
   SH+2:      It affects your SH (+2).
 M - the amulet of Vitality (around neck) {Regen++ RegenMP++}
   (You took it off a fire giant on level 5 of the Vaults)

   [amulet of nothing]

   Regen++:   It increases your rate of health regeneration.
   RegenMP++: It increases your rate of magic regeneration.
 N - the ring of Cuar {^Drain rC+++ Dex+5 Slay+4}
   (You acquired it on level 1 of the Swamp)

   [ring of slaying]

   Dex+5:     It affects your dexterity (+5).
   Slay+4:    It affects your accuracy & damage with ranged weapons and melee
   (+4).
   rC+++:     It renders you almost immune to cold.
   ^Drain:    It drains your maximum health when unequipped.
 U - the ring "Rudwacoo" (left hand) {Str+5 Int+2 Dex+6 SInv}
   (You found it in a Gauntlet)

   [ring of dexterity]

   Str+5:     It affects your strength (+5).
   Int+2:     It affects your intelligence (+2).
   Dex+6:     It affects your dexterity (+6).
   SInv:      It lets you see invisible.
Wands
 h - a wand of iceblast (87)
 n - a wand of paralysis (65)
 u - a wand of flame (102)
 F - a wand of acid (38)
 I - a wand of digging (31)
 Y - a wand of mindburst (36)
Scrolls
 j - a scroll of silence
 l - 8 scrolls of fog
 o - 10 scrolls of immolation
 r - 6 scrolls of vulnerability
 v - 17 scrolls of teleportation
 J - a scroll of summoning
 K - 7 scrolls of poison
 P - 9 scrolls of fear
 S - a scroll of brand weapon
Potions
 c - 22 potions of curing
 d - 4 potions of attraction
 e - 9 potions of lignification
 f - 6 potions of enlightenment
 i - 3 potions of haste
 m - a potion of might
 q - 10 potions of heal wounds
 w - 9 potions of ambrosia
 y - 3 potions of cancellation
 A - 3 potions of mutation
 E - 4 potions of invisibility
 R - 8 potions of resistance
 V - a potion of magic
 X - 3 potions of berserk rage
Miscellaneous
 C - a lightning rod (4/4)
 D - a phial of floods
 G - a phantom mirror
 T - a tin of tremorstones (2/2)
 Z - a box of beasts


   Skills:
 - Level 23.0 Fighting
 - Level 18.0 Axes
 O Level 27 Throwing
 - Level 23.0 Armour
 + Level 18.7 Dodging
 + Level 20.7 Shields
 - Level 13.0 Evocations


You had 25 spell levels left.
You didn't know any spells.
Your spell library was empty.

Dungeon Overview and Level Annotations

Branches:
Dungeon (15/15)            Temple (0/1) D:4            Lair (5/5) D:11
  Swamp (4/4) Lair:3        Snake (4/4) Lair:2        Slime (0/5) Lair:4
    Orc (2/2) D:9             Elf (3/3) Orc:2        Vaults (5/5) D:14
  Crypt (0/3) Vaults:3     Depths (4/4) D:15            Zot (5/5) Depths:4
Volcano (visited)          WizLab (visited)         Desolation (visited)
Gauntlet (visited)

Altars:
Dithmenos
Fedhas
Hepliaklqana
Kikubaaqudgha
Nemelex Xobeh
Okawaru
Uskayaw
Vehumet
Xom
The Shining One
Beogh
Jiyva

Shops:
D:1 !:=   D:6 =   D:7 *   D:13 !   D:14 (   D:15 *   Orc:1 (*!   Orc:2 [*:(
Vaults:2 (   Vaults:3 *   Vaults:5 (

Portals:
Hell: Depths:1 Depths:2 Depths:3 Depths:4
Abyss: Depths:3
Pandemonium: Depths:2 Depths:4
Ziggurat: Depths:3
Trove: Elf:2 (give 16 scrolls of teleportation)


Innate Abilities, Weirdness & Mutations

You have a pair of horns on your head.
You reflexively headbutt those who attack you in melee.
You are partially covered in iridescent scales. (AC +2)
You have a somewhat thin skeletal structure. (Dex +2, Stealth+)
You sometimes lose your temper in combat.
Your body often deteriorates upon taking damage.
You are robust. (+10% HP)
You are weak. (Str -2)
Your spells are a little harder to cast, but a little more powerful.
Your health recovers twice as slowly from being drained.


Message History

Ixettoch gestures at you. The bolt of cold hits you! You resist.
Your stone giant misses Ixettoch.
Your cyclops completely misses Ixettoch.
The balrug attacks as it pursues you! You block the balrug's attack.
Your troll closely misses Ixettoch.
Your troll barely misses Ixettoch.
Your troll claws Ixettoch.
The efreet gestures at you. The bolt of fire misses you.
The bolt of fire hits the balrug.
The balrug completely resists.
The bolt of fire hits your stone giant!!
The efreet misses you.
Your stone giant hits the balrug!!
The balrug gestures at you.
The fireball explodes!
The fireball engulfs you! You resist.
The fireball engulfs the efreet.
The efreet completely resists.
An endoplasm comes into view.
Your stone giant hits the balrug.
You block the efreet's attack.
You are engulfed in blazing flames.
You resist.
Ixettoch gestures.
Lightning arcs from Ixettoch's claws!
The bolt of lightning hits the efreet!!!
The efreet dies!
A bolt of lightning appears from out of thin air!
The bolt of lightning hits Ixettoch!
The bolt of lightning hits you!!
Your body deteriorates!
You feel dopey.
Unknown command.
Unknown command.
Unknown command.
Unknown command.
Unknown command.
Unknown command.
You feel a bit more experienced.
A hell beast comes into view.
You block the hell beast's attack. The hell beast closely misses you.
You block the hell beast's attack. x2
You block the hell beast's attack. x2
The hell beast attacks as it pursues you!
The hell beast bites you but does no damage.
You block the hell beast's attack.
There is a staircase leading out of the dungeon here.
You have escaped!

...#.....###.........###....# #.
#..#....## ##.......## ##..## #.
#.......# #....)..# #..# #.
###.....## ##.......## ##..# #.
##.J...###.........###...# #.
#.......................# ##
#.......................######
#............2..........##....
#............@..........##....
###.....................##....
######.....................##....
....).......................รท....
######...###.........###...##....
#..## ##.......## ##..##.... #..#
#.......# #..##.... #..##
##.......## ##.###....
#...###.........###..##.....


You could see a hell beast.

Vanquished Creatures
  An ancient lich (Zot:5)
  A dread lich (Zot:5)
  An orb of fire (Zot:5)
  Mara (Depths:1)
  Mennas (Depths:3)
  A juggernaut (Depths:4)
  Bai Suzhen (Vaults:4)
  Sojobo (Depths:3)
  Parghit (Zot:3)
  2 pandemonium lords
  Saint Roka (Snake:2)
  Margery (Vaults:4)
  4 caustic shrikes (Depths:4)
  Vashnia (Snake:4)
  A Killer Klown (Zot:5)
  A profane servitor (D:10)
  10 golden dragons
  3 doom hounds (Zot:2)
  The ghost of mitch45678 the Severer, an adept MDAr of Okawaru (Vaults:2)
  A walking earthen tome (Depths:4)
  A walking crystal tome (Depths:2)
  A Hell Sentinel (D:4)
  19 tentacled monstrosities
  A hellephant (Vaults:5)
  Grunn (Zot:2)
  3 liches
  2 deep elf blademasters
  14 Orb Guardians (Zot:5)
  3 deep elf master archers (Elf:3)
  3 walking divine tomes
  5 titans (Vaults:5)
  A walking frostbound tome (Depths:3)
  5 quicksilver dragons
  2 tentacled starspawn (WizLab)
  An eldritch tentacle (WizLab)
  3 Executioners
  3 thorn hunters
  8 death cobs
  8 shadow dragons
  13 storm dragons
  6 tengu reavers
  Donald (Snake:2)
  6 draconian monks
  A demonspawn warmonger (D:5)
  Aizul (Snake:2)
  2 fenstrider witches
  3 protean progenitors
  8 frost giants
  5 nagarajas
  5 draconian knights
  7 fire giants
  6 deep elf sorcerers (Elf:3)
  A balrug (WizLab)
  An iron dragon (Vaults:5)
  8 draconian scorchers
  An imperial myrmidon (Desolation)
  7 deep elf elementalists (Elf:3)
  5 draconian shifters
  17 vault wardens
  15 ironbound preservers
  A formless jellyfish (Vaults:2)
  4 ghost moths
  An angel (Depths:4)
  2 orc warlords
  A demonspawn corrupter (D:15)
  5 draconian stormcallers
  A demonspawn blood saint (D:15)
  5 draconian annihilators
  18 very ugly things
  A broodmother (WizLab)
  A reaper (Depths:3)
  A spriggan defender (Depths:4)
  4 ironbound thunderhulks
  3 vampire knights
  6 eleionomae
  16 green draconians
  16 stone giants
  4 bunyips
  12 purple draconians
  12 white draconians
  14 black draconians
  4 deep elf demonologists (Elf:3)
  2 demonspawn black suns
  5 deep elf annihilators
  8 deep elf death magi
  3 spark wasps (Depths:3)
  A minotaur (Gauntlet)
  14 red draconians
  A war gargoyle (Vaults:2)
  Azrael (D:13)
  8 dire elephants
  8 yellow draconians
  9 fire dragons
  13 ettins
  3 crystal guardians
  A quicksilver dragon zombie (Vaults:2)
  2 blizzard demons
  8 ragged hierophants (Desolation)
  4 deep elf high priests (Elf:3)
  25 yaktaur captains
  10 servants of whispers (Desolation)
  3 entropy weavers
  3 salamander tyrants
  Erolcha (Orc:2)
  2 shambling mangroves (Swamp:4)
  The ghost of Stellion the Cleaver, a journeyman MDFi of Makhleb (Orc:1)
  3 great orbs of eyes
  2 hell beasts (Depths:3)
  A great orb of eyes (shapeshifter) (WizLab)
  28 hydras
  10 ice dragons
  Fannar (Lair:2)
  Harold (Orc:1)
  4 rakshasas
  6 peacekeepers
  38 vault guards
  12 ironbound frosthearts
  14 anacondas
  A death knight (D:13)
  An ogre mage (Vaults:5)
  15 centaur warriors
  2 ghost crabs
  2 satyrs (Zot:4)
  5 deep troll shamans
  12 two-headed ogres
  12 alligators
  29 dancing weapons
  7 boulder beetles
  3 catoblepae
  6 death yaks
  An occultist (Depths:1)
  7 tengu warriors
  2 hell hogs (Depths:3)
  A demonic crawler (D:10)
  5 deep troll earth magi
  19 naga sharpshooters
  22 naga warriors
  4 shock serpents
  21 hell knights
  3 spriggan berserkers
  4 orc high priests
  2 sun demons (Depths:3)
  A titan skeleton (Depths:2)
  Nergalle (D:10)
  15 deep elf knights
  A shock serpent (shapeshifter) (D:13)
  5 skeletal warriors
  8 soul eaters
  2 iron trolls
  2 sea snakes (Snake:3)
  A sixfirhy (D:3)
  6 goliath frogs
  A shadow wraith (Vaults:5)
  A fire crab (Gauntlet)
  3 spriggan druids
  5 salamander mystics
  15 mana vipers
  A shadow demon (Depths:4)
  A glowing orange brain (shapeshifter) (Vaults:5)
  40 deep trolls
  4 arcanists
  12 swamp dragons
  6 glowing orange brains
  14 naga ritualists
  10 lindwurms
  4 thermic dynamos
  11 deep elf archers
  An orb spider (shapeshifter) (Vaults:5)
  19 ironbound convokers
  11 orc knights
  5 bog bodies
  6 phantasmal warriors
  36 deep elf pyromancers
  5 harpies
  2 obsidian statues (WizLab)
  An anaconda skeleton (WizLab)
  11 necromancers
  A death drake (shapeshifter) (Vaults:5)
  An obsidian bat (Orc:1)
  A sphinx simulacrum (Depths:2)
  17 salamanders
  23 deep elf zephyrmancers
  7 orc sorcerers
  2 shining eyes (shapeshifter)
  A fire giant zombie (Depths:2)
  5 cyclopes
  2 will-o-the-wisps
  A salamander (shapeshifter) (D:13)
  31 ugly things
  A shadow dragon skeleton (Vaults:2)
  Maurice (D:7)
  A cyclops (shapeshifter) (Vaults:5)
  12 manticores
  A shining eye (Gauntlet)
  2 oklob plants (Lair:2)
  A worldbinder (WizLab)
  A rust devil (D:6)
  18 moths of wrath
  10 elephants (Lair:5)
  2 meliai (D:13)
  A meliai (shapeshifter) (D:13)
  A kobold blastminer (Orc:2)
  20 naga magi
  54 black mambas
  An ice statue (Vaults:3)
  13 vault sentinels
  17 guardian serpents
  8 cane toads
  4 gargoyles
  2 molten gargoyles (Volcano)
  An orange demon (D:15)
  A torpor snail (Lair:4)
  3 smoke demons
  4 large abominations
  An unseen horror (WizLab)
  2 hellions
  5 kobold demonologists
  8 komodo dragons
  2 rime drakes
  5 tengu conjurers
  34 yaktaurs
  An efreet (WizLab)
  Jeremiah (D:6)
  Psyche (D:9)
  A human skeleton (Vaults:2)
  An ice devil (Zot:2)
  2 red devils
  8 trolls
  A tyrant leech (shapeshifter) (WizLab)
  A tengu simulacrum (Depths:2)
  A queen bee (Lair:1)
  14 hornets
  3 polar bears
  4 tyrant leeches
  60 saltlings
  13 dream sheep
  3 tarantellas (Zot:5)
  An air elemental (Elf:3)
  20 blink frogs
  A centaur simulacrum (D:14)
  2 glass eyes
  A culicivora (shapeshifter) (Depths:4)
  A jumping spider (WizLab)
  Sigmund (D:3)
  35 slime creatures
  5 wraiths
  2 shadows
  3 water elementals
  4 wyverns
  6 spriggans
  A fire bat (shapeshifter) (D:13)
  5 basilisks
  2 golden eyes (Gauntlet)
  43 yaks
  11 fire bats
  5 fire elementals
  3 steam dragons (D:6)
  7 wargs
  A naga (shapeshifter) (D:15)
  21 vampire mosquitoes
  54 nagas
  16 swamp worms
  6 hell hounds
  A glowing shapeshifter zombie (Depths:2)
  2 acid dragons (D:13)
  12 water moccasins
  26 orc warriors
  11 swamp drakes
  An ice beast (shapeshifter) (D:13)
  9 black bears
  A sky beast (D:7)
  3 laughing skulls
  A crocodile (shapeshifter) (D:15)
  4 ogres
  5 wolves (Lair:5)
  A tengu (shapeshifter) (Elf:1)
  14 centaurs
  A phantom (D:5)
  7 kobold brigands
  Blork the orc (D:6)
  3 gnoll sergeants
  16 bullfrogs
  An earth elemental (Elf:2)
  3 scorpions
  A burial acolyte (D:5)
  12 wights
  35 killer bees
  2 electric eels
  3 howler monkeys
  2 bombardier beetles
  7 lava snakes (Volcano)
  6 jellies
  17 orc priests
  6 hounds
  2 gnoll boudas
  A sleepcap (D:5)
  Jessica (D:2)
  4 iguanas
  17 orc wizards
  3 hell rats (Lair:5)
  A boggart simulacrum (D:15)
  15 gnolls
  7 river rats (Lair:5)
  13 adders
  A white imp (D:5)
  2 ufetubi (D:6)
  An adder zombie (D:5)
  2 ribbon worms
  4 dart slugs
  54 orcs
  4 endoplasms
  7 giant cockroaches
  8 goblins
  5 hobgoblins
  2 jackals (D:2)
  3 quokkas
  7 ball pythons
  5 bats
  4 frilled lizards
  2 jackal zombies (D:5)
  29 kobolds
  5 rats
  An aspiring flesh (Zot:5)
  2 starspawn tentacles (WizLab)
2206 creatures vanquished.

Vanquished Creatures (collateral kills)
  Gastronok (D:9)
  An eldritch tentacle (WizLab)
  2 deep elf sorcerers (Elf:3)
  A stone giant (Vaults:2)
  A deep elf death mage (Elf:3)
  A deep elf annihilator (Elf:3)
  2 hydras (Swamp:4)
  A naga warrior (Snake:4)
  2 bog bodies (Swamp:4)
  A swamp dragon (Swamp:4)
  A salamander (Snake:4)
  A red devil (D:1)
  3 blink frogs (Lair:2)
  A water elemental (Elf:3)
  A swamp worm (Swamp:4)
  4 nagas
24 creatures vanquished.

Vanquished Creatures (others)
  A dread lich (Zot:5)
  A tengu reaver (Depths:3)
  A frost giant (Depths:2)
  A balrug (D:1)
  A deep elf elementalist (Elf:2)
  A cacodemon (D:15)
  A demonspawn blood saint (Depths:4)
  A two-headed ogre (D:13)
  A naga warrior (Snake:3)
  A deep elf knight (Elf:2)
  A goliath frog (Swamp:2)
  3 bog bodies (Swamp:3)
  2 deep elf zephyrmancers
  A deep elf pyromancer (Elf:3)
  An unseen horror (D:13)
  An efreet (D:1)
  7 bloated husks
  A hornet (Swamp:4)
  A slime creature (D:13)
  An orc warrior (Snake:2)
  An orc wizard (Orc:2)
  A gnoll (D:10)
  10 foxfires
  20 spectral weapons
  4 starspawn tentacles (WizLab)
65 creatures vanquished.

Grand Total: 2295 creatures vanquished

Notes
Turn   | Place    | Note
-------+----------+-------------------------------------------
     0 | D:1      | Gryn the Minotaur Berserker began the quest for the Orb.
     0 | D:1      | Reached XP level 1. HP: 19/19 MP: 0/0
   110 | D:1      | Reached XP level 2. HP: 26/26 MP: 1/1
   208 | D:1      | Found Ystreynum's Jewellery Shop.
   329 | D:1      | Found Assaxt's Book Shop.
   374 | D:1      | Found Bochafro's Distillery.
   435 | D:1      | Reached skill level 5 in Axes
   545 | D:2      | Reached XP level 3. HP: 30/31 MP: 2/2
   549 | D:2      | Reached ** piety under Trog
  1086 | D:2      | Reached XP level 4. HP: 38/39 MP: 3/3
  1114 | D:2      | Identified the +8 chain mail of Ukutez {Str+5}
  1132 | D:2      | Noticed Jessica
  1137 | D:2      | Killed Jessica
  1361 | D:3      | Noticed Sigmund
  1371 | D:3      | Killed Sigmund
  1372 | D:3      | Reached XP level 5. HP: 47/47 MP: 4/4
  1372 | D:3      | Reached XP level 6. HP: 53/53 MP: 5/5
  1523 | D:3      | Reached skill level 5 in Fighting
  1582 | D:3      | Found a faded altar of an unknown god.
  1979 | D:4      | Found a staircase to the Ecumenical Temple.
  2207 | D:4      | Reached skill level 5 in Armour
  2208 | D:4      | Found a shimmering altar of Xom.
  2393 | D:4      | Reached XP level 7. HP: 62/62 MP: 6/6
  2664 | D:5      | Entered Level 5 of the Dungeon
  2757 | D:5      | Found a shadowy altar of Dithmenos.
  2785 | D:5      | Reached *** piety under Trog
  2909 | D:5      | Found a sparkling altar of Nemelex Xobeh.
  3023 | D:5      | Found a hazy altar of Hepliaklqana.
  3187 | D:5      | Reached XP level 8. HP: 61/74 MP: 7/7
  3231 | D:5      | Found an ancient bone altar of Kikubaaqudgha.
  3491 | D:6      | Reached skill level 1 in Throwing
  3832 | D:6      | Found Zugypnui's Jewellery Boutique.
  3886 | D:6      | Reached skill level 2 in Throwing
  4105 | D:6      | Noticed Jeremiah
  4121 | D:6      | Killed Jeremiah
  4122 | D:6      | Reached skill level 3 in Throwing
  4155 | D:6      | Reached XP level 9. HP: 74/83 MP: 8/8
  4264 | D:6      | Noticed Blork the orc
  4273 | D:6      | Killed Blork the orc
  4586 | D:7      | Reached skill level 4 in Throwing
  4602 | D:7      | Reached **** piety under Trog
  4927 | D:7      | Found a glowing golden altar of the Shining One.
  4928 | D:7      | Found a radiant altar of Vehumet.
  4981 | D:7      | Noticed Maurice
  4989 | D:7      | Found Otsow's Hallowed Reliquary.
  4997 | D:7      | Noticed an angel
  5010 | D:7      | Maurice stole a ring of fire
  5018 | D:7      | Maurice stole 441 gold
  5020 | D:7      | Killed Maurice
  5021 | D:7      | Reached skill level 10 in Fighting
  5243 | D:7      | Reached skill level 5 in Throwing
  5596 | D:7      | Reached skill level 10 in Axes
  6067 | D:8      | Reached XP level 10. HP: 92/94 MP: 9/9
  6610 | D:9      | Noticed Psyche
  6657 | D:9      | Killed Psyche
  6785 | D:9      | Noticed Gastronok
  6799 | D:9      | Killed Gastronok
  7075 | D:9      | Reached ***** piety under Trog
  7322 | D:9      | Reached XP level 11. HP: 86/107 MP: 10/10
  7796 | D:9      | Found a staircase to the Orcish Mines.
  7828 | D:10     | Entered Level 10 of the Dungeon
  7917 | D:10     | Noticed a sixfirhy
  8001 | D:10     | Noticed Nergalle
  8019 | D:10     | Killed Nergalle
  8675 | D:10     | Found a hide-covered altar of Uskayaw.
  8884 | D:11     | Received a gift from Trog
  8904 | D:11     | Found a staircase to the Lair.
  8916 | D:11     | Noticed a two-headed ogre
  8924 | D:11     | Killed a two-headed ogre
  8925 | D:11     | Reached skill level 15 in Fighting
  9114 | D:11     | Reached skill level 15 in Axes
  9378 | D:11     | Noticed a two-headed ogre
  9384 | D:11     | Killed a two-headed ogre
  9565 | D:11     | Noticed a two-headed ogre
  9571 | D:11     | Killed a two-headed ogre
  9572 | D:11     | Reached XP level 12. HP: 119/119 MP: 11/11
 10057 | Lair:1   | Entered Level 1 of the Lair of Beasts
 10142 | Lair:1   | Reached skill level 5 in Dodging
 10728 | Lair:1   | Identified the +8 battleaxe of Trog's Pride {heavy,
                  | ^Fragile rF+ Will+ Dex+4} (Trog gifted it to you on level 1
                  | of the Lair of Beasts)
 10728 | Lair:1   | Received a gift from Trog
 11221 | Lair:2   | Reached skill level 10 in Dodging
 11708 | Lair:2   | Found a blossoming altar of Fedhas.
 11727 | Lair:2   | Reached XP level 13. HP: 120/126 MP: 12/12
 12018 | Lair:2   | Found a staircase to the Snake Pit.
 12081 | Lair:2   | Noticed Fannar
 12102 | Lair:2   | Killed Fannar
 12264 | Lair:3   | Found a gate leading to a gauntlet.
 12273 | Gauntlet | Entered a Gauntlet
 12273 | Gauntlet | Found a transporter.
 12273 | Gauntlet | Found a transporter.
 12294 | Gauntlet | Found a transporter.
 12295 | Gauntlet | Found a transporter.
 12303 | Gauntlet | Found a transporter.
 12307 | Gauntlet | Found a transporter.
 12307 | Gauntlet | Found the +3 crown of Dyrovepreva {rElec Int+2 SInv}
 12320 | Gauntlet | Found a transporter.
 12332 | Gauntlet | Found a transporter.
 12346 | Gauntlet | Found a transporter.
 12350 | Gauntlet | Found a transporter.
 12361 | Gauntlet | Found a transporter.
 12362 | Gauntlet | Found a transporter.
 12687 | Gauntlet | Identified the +2 cloak "Etwoloxe" {+Inv Regen+ Stlth+}
 12915 | Gauntlet | Noticed a minotaur
 12927 | Gauntlet | Killed a minotaur
 12950 | Gauntlet | Identified the +0 leather armour "Pionayri" {+Inv Regen+}
 12950 | Gauntlet | Identified the ring "Rudwacoo" {Str+5 Int+2 Dex+6 SInv}
 12950 | Gauntlet | Identified the ring "Osiuhec" {rN+ Will+ SInv}
 13445 | Lair:3   | Found a staircase to the Swamp.
 14041 | Lair:4   | Found a viscous altar of Jiyva.
 14042 | Lair:4   | Found a staircase to the Slime Pits.
 14043 | Lair:4   | Identified the +2 triple sword "Toekkum" {antimagic, *Rage
                  | rElec rF+ rCorr} (Trog gifted it to you on level 4 of the
                  | Lair of Beasts)
 14043 | Lair:4   | Received a gift from Trog
 14218 | Lair:5   | Entered Level 5 of the Lair of Beasts
 14408 | Lair:4   | Reached skill level 10 in Armour
 14613 | Lair:5   | Reached XP level 14. HP: 138/138 MP: 13/13
 15044 | Lair:5   | Received a gift from Trog
 15045 | Lair:5   | Reached skill level 1 in Evocations
 15380 | Lair:5   | Reached skill level 5 in Evocations
 15723 | Orc:1    | Entered Level 1 of the Orcish Mines
 15747 | Orc:1    | Found Nisainaote's Distillery.
 15824 | Orc:1    | Noticed Stellion's ghost (journeyman MDFi)
 15825 | Orc:1    | Found a transporter.
 15885 | Orc:1    | Noticed Harold
 15890 | Orc:1    | Killed Harold
 15920 | Orc:1    | Reached skill level 6 in Throwing
 15921 | Orc:1    | Found a dark tunnel.
 15933 | Volcano  | Entered a volcano
 16203 | Volcano  | Found a bloodstained altar of Trog.
 16288 | Volcano  | Reached skill level 7 in Throwing
 16472 | Orc:1    | Found a transporter.
 16500 | Orc:1    | Reached skill level 8 in Throwing
 16519 | Orc:1    | Killed Stellion's ghost
 16641 | Orc:1    | Found a roughly hewn altar of Beogh.
 16686 | Orc:1    | Found Ulinaf's General Store.
 16688 | Orc:1    | Found Nuerghec's Weapon Boutique.
 16712 | Orc:1    | Bought a scroll of teleportation for 33 gold pieces
 16712 | Orc:1    | Bought a +1 pair of gloves of infusion for 181 gold pieces
 16814 | Orc:2    | Entered Level 2 of the Orcish Mines
 17031 | Orc:2    | Found Riteamoc's Book Emporium.
 17117 | Orc:2    | Noticed Erolcha
 17124 | Orc:2    | Killed Erolcha
 17258 | Orc:2    | Found Nimes's Antique Weapon Shop.
 17342 | Orc:2    | Found a staircase to the Elven Halls.
 17345 | Orc:2    | Noticed an orc warlord
 17362 | Orc:2    | Killed an orc warlord
 17362 | Orc:2    | Received a gift from Trog
 17363 | Orc:2    | Reached XP level 15. HP: 149/149 MP: 0/14
 17367 | Orc:2    | Found Tickah's General Store.
 17483 | Orc:2    | Bought 2 potions of berserk rage for 150 gold pieces
 17483 | Orc:2    | Bought a potion of curing for 45 gold pieces
 17483 | Orc:2    | Bought a phantom mirror for 600 gold pieces
 17483 | Orc:2    | Bought a potion of curing for 45 gold pieces
 17589 | Orc:2    | Found Beamir's Antique Armour Shoppe.
 17762 | Orc:2    | Bought a pair of dazzling gloves for 332 gold pieces
 17762 | Orc:2    | Identified the +0 pair of gloves of the Storm King {rN+
                  | Str+2} (You bought it in a shop on level 2 of the Orcish
                  | Mines)
 19280 | D:13     | Reached ****** piety under Trog
 19464 | D:13     | Identified the staff "Door Teguzu" {*Slow rC+++ rN+ SInv
                  | Necro}
 19465 | D:13     | Reached skill level 1 in Shields
 19472 | D:13     | Noticed Azrael
 19483 | D:13     | Reached skill level 15 in Armour
 19493 | D:13     | Killed Azrael
 19551 | D:13     | Identified the +2 trident "Vask" {flame, Str+6}
 19841 | D:13     | Found Zaritsib's Distillery.
 19849 | D:13     | Bought 2 potions of haste for 360 gold pieces
 19885 | D:13     | Received a gift from Trog
 20412 | D:14     | Found Faezovvi's Weapon Boutique.
 20500 | D:14     | Identified the amulet "Beuratoaco" {Faith rElec rCorr Str+3
                  | Int-5}
 20745 | D:14     | Found a gate to the Vaults.
 20753 | D:14     | Reached skill level 5 in Shields
 20753 | D:14     | Reached XP level 16. HP: 162/162 MP: 15/15
 21081 | D:15     | Entered Level 15 of the Dungeon
 21275 | D:15     | Found Uclaig's Mass Market.
 21630 | D:15     | Found a staircase to the Depths.
 22151 | D:6      | Bought a ring of poison resistance for 260 gold pieces
 22338 | Swamp:1  | Entered Level 1 of the Swamp
 22361 | Swamp:1  | Identified a scroll of acquirement
 22362 | Swamp:1  | Acquired the ring of Cuar {^Drain rC+++ Dex+5 Slay+4}
 22367 | Swamp:1  | Identified the blade talisman of Vehumet's Castigation
                  | {Slay+4}
 22386 | Swamp:1  | Noticed a thorn hunter
 22399 | Swamp:1  | Killed a thorn hunter
 22938 | Swamp:2  | Noticed a tentacled monstrosity
 22948 | Swamp:2  | Received a gift from Trog
 22951 | Swamp:2  | Reached skill level 10 in Shields
 23062 | Swamp:2  | Killed a tentacled monstrosity
 23094 | Swamp:2  | Paralysed by a fenstrider witch for 3 turns
 23660 | Swamp:2  | Identified the +6 orcbow "Beastbane" {drain, Str+4 Int-2
                  | Dex+2}
 24257 | Swamp:3  | Noticed a thorn hunter
 24267 | Swamp:3  | Killed a thorn hunter
 24268 | Swamp:3  | Reached XP level 17. HP: 170/170 MP: 16/16
 24754 | Swamp:4  | Entered Level 4 of the Swamp
 24984 | Swamp:4  | Reached skill level 10 in Evocations
 25345 | Swamp:4  | Got a decaying rune of Zot
 25347 | Swamp:4  | Acquired the +0 pair of boots "Xeolysm" {rPois rCorr Str+2}
 25514 | Swamp:4  | Reached skill level 15 in Shields
 25643 | Swamp:4  | Identified the +1 bardiche "Ciwnejuch" {heavy, rElec rPois
                  | rF+} (Trog gifted it to you on level 4 of the Swamp)
 25643 | Swamp:4  | Received a gift from Trog
 25784 | Snake:1  | Entered Level 1 of the Snake Pit
 25980 | Snake:1  | You fall into a shaft and drop 1 floor!
 26252 | Snake:2  | Noticed Saint Roka
 26282 | Snake:2  | Killed Saint Roka
 26291 | Snake:2  | Noticed Donald
 26303 | Snake:2  | Killed Donald
 26303 | Snake:2  | Received a gift from Trog
 26304 | Snake:2  | Reached XP level 18. HP: 161/178 MP: 17/17
 26335 | Snake:2  | Identified the serpent talisman of Iceodaq {rElec rF-
                  | Str+2}
 26335 | Snake:2  | Noticed Aizul
 26341 | Snake:2  | Reached skill level 9 in Throwing
 26352 | Snake:2  | Killed Aizul
 26733 | Snake:1  | Reached skill level 10 in Throwing
 27444 | Snake:3  | Reached skill level 11 in Throwing
 27657 | Snake:3  | Identified the +2 spear "Soebb" {flame, *Noise rC+ Will++
                  | Dex+8} (Trog gifted it to you on level 3 of the Snake Pit)
 27657 | Snake:3  | Received a gift from Trog
 27660 | Snake:3  | Reached skill level 12 in Throwing
 27937 | Snake:3  | Reached skill level 13 in Throwing
 28447 | Snake:4  | Entered Level 4 of the Snake Pit
 28478 | Snake:4  | Found a sparkling altar of Nemelex Xobeh.
 28487 | Snake:4  | Received a gift from Trog
 28726 | Snake:4  | Reached XP level 19. HP: 175/189 MP: 18/18
 29199 | Snake:4  | Noticed Vashnia
 29246 | Snake:4  | Received a gift from Trog
 29255 | Snake:4  | Killed Vashnia
 29560 | Snake:4  | Found an iron altar of Okawaru.
 29582 | Snake:4  | Got a serpentine rune of Zot
 30047 | Elf:1    | Entered Level 1 of the Elven Halls
 30078 | Elf:1    | Identified the amulet of Vehumet, Twisting {Regen+ MP+9}
 30123 | Elf:1    | Found a crumbling gateway.
 30139 | Desolati | Entered the Desolation of Salt
 30254 | Desolati | Identified the +1 quarterstaff of Bemohoxica {freeze, rPois
                  | rCorr Int-2}
 30379 | Desolati | Received a gift from Trog
 30530 | Desolati | Identified the amulet of Contentment {rF- RegenMP+ rCorr
                  | Str+8 Int-5}
 30693 | Desolati | Identified the ring "Sozewn" {+Blink Fly rPois rC+ Dex-5}
 30745 | Desolati | Identified the +2 bardiche "Jilios" {holy, rC++ Str+5
                  | Dex+2}
 30857 | Desolati | Found the +2 shield of Resistance {rF++ rC++ Will++}
 31191 | Elf:1    | Received a gift from Trog
 31276 | Elf:1    | Reached XP level 20. HP: 203/203 MP: 19/19
 31805 | Elf:2    | Reached XP level 21. HP: 211/211 MP: 20/20
 31875 | Elf:2    | Found a runed translucent gate.
 31875 | Elf:2    | Found a runed translucent gate.
 31875 | Elf:2    | Found a runed translucent gate.
 32065 | Elf:2    | Found a portal to a secret trove of treasure.
 32299 | Elf:2    | Received a gift from Trog
 32692 | Elf:3    | Entered Level 3 of the Elven Halls
 33159 | Elf:3    | Received a gift from Trog
 33205 | Elf:3    | Paralysed by an air elemental for 1 turns
 33212 | Elf:3    | Paralysed by an air elemental for 1 turns
 33744 | Elf:3    | Found the ring of the Octopus King {Fly HP+2 AC+2 EV+2
                  | SH+2}
 33793 | Elf:3    | Found the +18 shield of the Gong {Loud rN+ Will+ rCorr
                  | EV-5}
 33803 | Elf:3    | Identified the +3 sling of Dougoet {drain, rElec Int+3}
 33830 | Elf:3    | Acquired a +2 pair of gloves of strength
 33875 | Elf:3    | Identified the +0 robe "Zippes" {Int+6}
 33876 | Elf:3    | Identified the +1 robe of Nemelex Xobeh's Regard {rF-
                  | Dex+4}
 33894 | Elf:3    | Identified the +8 bardiche of Infinite Pain {spect, rC+}
 34264 | Vaults:1 | Entered Level 1 of the Vaults
 34450 | Vaults:1 | Reached skill level 14 in Throwing
 34592 | Vaults:1 | Received a gift from Trog
 34722 | Vaults:1 | Reached XP level 22. HP: 211/211 MP: 21/21
 34864 | Vaults:1 | Reached skill level 15 in Throwing
 35551 | Vaults:2 | Identified the +7 mace "Rigaotta" {speed, rF+ rCorr}
 35565 | Vaults:2 | Reached skill level 16 in Throwing
 35569 | Vaults:2 | Received a gift from Trog
 35687 | Vaults:2 | Identified the +3 scimitar "Qakujiw" {freeze, ^Fragile rF++
                  | rCorr Str-4}
 35905 | Vaults:2 | Paralysed by a formless jellyfish for 1 turns
 35977 | Vaults:2 | Found Terih's Weapon Shop.
 36042 | Vaults:2 | Reached skill level 17 in Throwing
 36171 | Vaults:2 | Identified the +1 broad axe "Wylutaw" {flame, Str+3 Dex+3
                  | SInv Stlth+} (Trog gifted it to you on level 2 of the
                  | Vaults)
 36171 | Vaults:2 | Received a gift from Trog
 36264 | Vaults:2 | Found a runed translucent gate.
 36266 | Vaults:2 | Found a runed translucent gate.
 36267 | Vaults:2 | Found a runed translucent gate.
 36267 | Vaults:2 | Noticed mitch45678's ghost (adept MDAr)
 36269 | Vaults:2 | Identified the +3 kite shield of Zicryu {rCorr Int+4}
 36588 | Vaults:2 | Found a roughly hewn altar of Beogh.
 36632 | Vaults:2 | Killed mitch45678's ghost
 36767 | Vaults:3 | Reached skill level 18 in Throwing
 36791 | Vaults:3 | Identified the +1 robe "Curaywoo" {Str+2 Dex+2}
 36857 | Vaults:3 | Found Qaotodum's Assorted Antiques.
 36865 | Vaults:3 | Bought a scroll of blinking for 255 gold pieces
 36865 | Vaults:3 | Bought a potion of resistance for 340 gold pieces
 37636 | Vaults:3 | Found a staircase to the Crypt.
 37748 | Vaults:3 | Reached skill level 19 in Throwing
 37859 | Vaults:4 | Found a magical portal.
 37864 | WizLab   | Entered The Roulette of Golubria
 37864 | WizLab   | Found a transporter.
 37867 | WizLab   | Found a corrupted altar of Lugonu.
 37899 | WizLab   | Found a transporter.
 37901 | WizLab   | Found a corrupted altar of Lugonu.
 37955 | WizLab   | Found a transporter.
 37979 | WizLab   | Found a transporter.
 38027 | WizLab   | Found a corrupted altar of Lugonu.
 38027 | WizLab   | Found a corrupted altar of Lugonu.
 38027 | WizLab   | Found a transporter.
 38043 | WizLab   | Found a transporter.
 38052 | WizLab   | Found a transporter.
 38077 | WizLab   | Found a transporter.
 38307 | WizLab   | Found a transporter.
 38309 | WizLab   | Found a transporter.
 38325 | WizLab   | Reached XP level 23. HP: 226/226 MP: 1/22
 38330 | WizLab   | Received a gift from Trog
 38586 | WizLab   | Identified the +1 cloak of Intuition {Str+4}
 38589 | WizLab   | Identified the +0 cloak of the Jackalope {Will+ Dex+5}
 39034 | Vaults:4 | Noticed Bai Suzhen
 39049 | Vaults:4 | Killed Bai Suzhen
 39132 | Vaults:4 | Reached skill level 15 in Dodging
 39262 | Vaults:4 | Identified the +6 chain mail "Xomaew" {Str+3 Dex+2 Stlth-}
 39303 | Vaults:4 | Identified the +5 short sword of Melee {pain, Str+6}
 39643 | Vaults:5 | Entered Level 5 of the Vaults
 39707 | Vaults:5 | Noticed Margery
 39709 | Vaults:5 | Received a gift from Trog
 39726 | Vaults:4 | Killed Margery
 39899 | Vaults:5 | Identified the ring of Sosa Ypp {rPois rC+++ MP-9 Int+3
                  | Stlth+}
 39951 | Vaults:5 | Identified the staff "Jageum" {rPois rN+ Necro}
 40219 | Vaults:5 | Reached skill level 20 in Throwing
 40324 | Vaults:5 | Received a gift from Trog
 40514 | Vaults:5 | Found Ifutsez's Antique Weapon Shoppe.
 40609 | Vaults:5 | Identified the +1 spear of Equivalence {freeze, rPois}
 40621 | Vaults:5 | Identified the staff "Raafomoo" {rElec rF+ SInv Stlth+
                  | Fire}
 40669 | Vaults:5 | Reached XP level 24. HP: 225/235 MP: 22/22
 40719 | Vaults:5 | Got a silver rune of Zot
 40786 | Vaults:5 | Reached skill level 21 in Throwing
 40856 | Vaults:5 | Identified the +0 leather armour of Qolaiber {*Slow rC+++
                  | Will++ rCorr}
 40881 | Vaults:5 | Identified the +5 acid dragon scales of Plog {rElec rF+
                  | rCorr Str+2}
 40881 | Vaults:5 | Identified the ring "Futien" {rPois Str+7 Int+6}
 41374 | Depths:1 | Entered Level 1 of the Depths
 41374 | Depths:1 | Noticed Mara
 41382 | Depths:1 | Noticed Gryn's illusion
 41385 | Depths:1 | Noticed Gryn's illusion
 41395 | Depths:1 | Noticed Gryn's illusion
 41396 | Depths:1 | Killed Mara
 41733 | Depths:1 | Received a gift from Trog
 42134 | Depths:1 | Found a gateway to Hell.
 42429 | Depths:2 | Reached skill level 22 in Throwing
 42517 | Depths:2 | Found a one-way gate leading to the halls of Pandemonium.
 43059 | Depths:3 | Noticed Mennas
 43067 | Depths:3 | Killed Mennas
 43122 | Depths:3 | Identified the +6 arbalest "Goblinslayer" {freeze, rElec
                  | rCorr MP+9}
 43204 | Depths:3 | Found a one-way gateway to a ziggurat.
 43263 | Depths:3 | Noticed Sojobo
 43300 | Depths:3 | Reached skill level 23 in Throwing
 43308 | Depths:3 | Killed Sojobo
 43371 | Depths:3 | Identified the +5 chain mail of Edghoel {Will+ Stlth+}
 43505 | Depths:3 | Received a gift from Trog
 43553 | Depths:3 | Identified the +3 demon blade of Virtue {venom, rPois rN++
                  | Int+2}
 43655 | Depths:3 | Found a one-way gate to the infinite horrors of the Abyss.
 44009 | Depths:4 | Entered Level 4 of the Depths
 44051 | Depths:4 | Reached skill level 24 in Throwing
 44235 | Depths:4 | Received a gift from Trog
 44252 | Depths:4 | Gained mutation: Your spells are a little easier to cast,
                  | but a little less powerful. [a shining eye]
 44304 | Depths:4 | Reached XP level 25. HP: 164/215 MP: 22/22
 44358 | Depths:4 | Found a gate to the Realm of Zot.
 44367 | Depths:4 | Got a midnight gem with 209 turns to spare
 44416 | Depths:4 | Noticed a juggernaut
 44423 | Depths:4 | Reached skill level 25 in Throwing
 44431 | Depths:4 | Killed a juggernaut
 44782 | Depths:4 | Received a gift from Trog
 45009 | Zot:1    | Entered Level 1 of the Realm of Zot
 45078 | Zot:1    | Reached skill level 26 in Throwing
 45366 | Zot:1    | Identified the +9 plate armour "Elaaloes" {rPois rN++ Int-5
                  | SInv}
 45700 | Zot:2    | Noticed Grunn
 45742 | Zot:2    | Killed Grunn
 46003 | Zot:2    | Reached skill level 27 in Throwing
 46061 | Zot:2    | You are sucked into a shaft and drop 2 floors!
 46220 | Zot:4    | Received a gift from Trog
 46357 | Zot:3    | Noticed Parghit
 46537 | Zot:2    | Reached XP level 26. HP: 227/250 MP: 22/22
 46963 | Zot:3    | Killed Parghit
 47405 | Zot:3    | Received a gift from Trog
 48492 | Zot:5    | Entered Level 5 of the Realm of Zot
 49042 | Zot:5    | Noticed a dread lich
 49066 | Zot:5    | Killed a dread lich
 49077 | Zot:5    | Received a gift from Trog
 49177 | Zot:5    | Lost mutation: Your spells are a little easier to cast, but
                  | a little less powerful. [potion of mutation]
 49177 | Zot:5    | Gained mutation: Your spells are a little easier to cast,
                  | but a little less powerful. [potion of mutation]
 49177 | Zot:5    | Gained mutation: You are somewhat resistant to further
                  | mutation. [potion of mutation]
 49178 | Zot:5    | Lost mutation: Your spells are a little easier to cast, but
                  | a little less powerful. [potion of mutation]
 49178 | Zot:5    | Lost mutation: You are somewhat resistant to further
                  | mutation. [potion of mutation]
 49178 | Zot:5    | Gained mutation: You are dopey. (Int -2) [potion of
                  | mutation]
 49178 | Zot:5    | Gained mutation: Your body sometimes deteriorates upon
                  | taking damage. [potion of mutation]
 49178 | Zot:5    | Gained mutation: Your movements are slightly less
                  | encumbered by armour. (ER -2) [potion of mutation]
 49178 | Zot:5    | Gained mutation: You have a pair of large horns on your
                  | head. [potion of mutation]
 49179 | Zot:5    | Lost mutation: Your body sometimes deteriorates upon taking
                  | damage. [potion of mutation]
 49179 | Zot:5    | Lost mutation: You have a pair of large horns on your head.
                  | [potion of mutation]
 49179 | Zot:5    | Gained mutation: You have a pair of large horns on your
                  | head. [potion of mutation]
 49179 | Zot:5    | Gained mutation: You occasionally lose the ability to drink
                  | potions when taking damage. [potion of mutation]
 49179 | Zot:5    | Gained mutation: You are agile. (Dex +4, Str/Int -1)
                  | [potion of mutation]
 49180 | Zot:5    | Lost mutation: Your movements are slightly less encumbered
                  | by armour. (ER -2) [potion of mutation]
 49180 | Zot:5    | Lost mutation: You occasionally lose the ability to drink
                  | potions when taking damage. [potion of mutation]
 49180 | Zot:5    | Lost mutation: You are agile. (Dex +4, Str/Int -1) [potion
                  | of mutation]
 49180 | Zot:5    | Lost mutation: You are dopey. (Int -2) [potion of mutation]
 49180 | Zot:5    | Gained mutation: You are somewhat resistant to further
                  | mutation. [potion of mutation]
 49181 | Zot:5    | Lost mutation: You are somewhat resistant to further
                  | mutation. [potion of mutation]
 49181 | Zot:5    | Lost mutation: You have a pair of large horns on your head.
                  | [potion of mutation]
 49181 | Zot:5    | Gained mutation: Your flesh is cold resistant. (rC+)
                  | [potion of mutation]
 49181 | Zot:5    | Gained mutation: Your body sometimes deteriorates upon
                  | taking damage. [potion of mutation]
 49181 | Zot:5    | Gained mutation: You are dopey. (Int -2) [potion of
                  | mutation]
 49181 | Zot:5    | Gained mutation: You are resistant to electric shocks.
                  | (rElec) [potion of mutation]
 49182 | Zot:5    | Lost mutation: Your flesh is cold resistant. (rC+) [potion
                  | of mutation]
 49182 | Zot:5    | Lost mutation: You are resistant to electric shocks.
                  | (rElec) [potion of mutation]
 49182 | Zot:5    | Gained mutation: You have an increased reservoir of magic.
                  | (+10% MP) [potion of mutation]
 49182 | Zot:5    | Lost mutation: You are dopey. (Int -2) [potion of mutation]
 49183 | Zot:5    | Lost mutation: You have an increased reservoir of magic.
                  | (+10% MP) [potion of mutation]
 49183 | Zot:5    | Lost mutation: Your body sometimes deteriorates upon taking
                  | damage. [potion of mutation]
 49183 | Zot:5    | Gained mutation: You are robust. (+10% HP) [potion of
                  | mutation]
 49183 | Zot:5    | Gained mutation: Your spells are a little harder to cast,
                  | but a little more powerful. [potion of mutation]
 49183 | Zot:5    | Gained mutation: You are partially covered in iridescent
                  | scales. (AC +2) [potion of mutation]
 49183 | Zot:5    | Gained mutation: You have a somewhat thin skeletal
                  | structure. (Dex +2, Stealth+) [potion of mutation]
 49241 | Zot:5    | Noticed an ancient lich
 49251 | Zot:5    | Killed an ancient lich
 49277 | Zot:5    | Noticed an orb of fire
 49278 | Zot:5    | Noticed an orb of fire
 49279 | Zot:5    | Noticed an orb of fire
 49280 | Zot:5    | Noticed an orb of fire
 49281 | Zot:5    | Noticed a dread lich
 49284 | Zot:5    | Gained mutation: You sometimes lose your temper in combat.
                  | [an orb of fire]
 49296 | Zot:5    | Gained mutation: You are weak. (Str -2) [an orb of fire]
 49303 | Zot:5    | Noticed an orb of fire
 49308 | Zot:5    | Noticed an orb of fire
 49309 | Zot:5    | Gained mutation: Your health recovers twice as slowly from
                  | being drained. [an orb of fire]
 49311 | Zot:5    | Killed a dread lich
 49311 | Zot:5    | Noticed an orb of fire
 49313 | Zot:5    | Gained mutation: Your body sometimes deteriorates upon
                  | taking damage. [an orb of fire]
 49313 | Zot:5    | Noticed an orb of fire
 49314 | Zot:5    | Killed an orb of fire
 49318 | Zot:5    | Noticed an orb of fire
 49318 | Zot:5    | Noticed an orb of fire
 49318 | Zot:5    | Gained mutation: Your body often deteriorates upon taking
                  | damage. [an orb of fire]
 49320 | Zot:5    | Noticed an ancient lich
 49326 | Zot:5    | Got the Orb of Zot
 49371 | Zot:5    | Noticed Laihemne the pandemonium lord
 49379 | Zot:4    | Killed Laihemne the pandemonium lord
 49508 | Depths:4 | Noticed Hatteisa the pandemonium lord
 49518 | Depths:4 | Killed Hatteisa the pandemonium lord
 49882 | D:10     | Received a gift from Trog
 49943 | D:7      | Noticed Ryompuec the pandemonium lord
 50140 | D:1      | Noticed Ixettoch the pandemonium lord
 50166 | D:$      | Escaped with the Orb!

Illustrated notes

Levels and vault maps discovered:
D:1:      minmay_arrival_four_circles, layout_rooms, serial_shops,
          nicolae_shop_tiny_real_fake_doors, nicolae_shop_tiny_statue_garden,
          shop, chequers_decorated_corner
D:2:      layout_basic, uniq_jessica
D:3:      layout_basic, dilly_ecumenical_altar_fadedgnrine,
          wander_ebering_terrifying_dragon_lair, uniq_sigmund
D:4:      layout_basic, kennysheep_mini_moat, minmay_temple_entry_arrows
D:5:      layout_rooms, old_standard_altar, grunt_dithmenos_smoke_and_mirrors,
          nemelex_diamond_rough_becter, lemuel_zombie_altar_kikubaaqudgha
D:6:      cheibrodos_steamvent, layout_cave_pods, serial_shops,
          nicolae_shop_gaudy_bauble, uniq_blork_the_orc, uniq_jeremiah
D:7:      layout_rooms, gammafunk_temple_overflow_statue, nicolae_good_shop,
          uniq_maurice
D:8:      layout_rooms
D:9:      layout_basic, uniq_psyche, uniq_gastronok
D:10:     layout_small_grid, kennysheep_little_box, uniq_nergalle
D:11:     layout_long_grid, due_lair_maze_entry_diamond, serial_rivers,
          chequers_serial_rivers_micro_e, chequers_serial_rivers_micro_c,
          chequers_serial_rivers_large_b, chequers_serial_rivers_micro_e
D:12:     layout_basic, minmay_misc_feat_encased
D:13:     nzn_winding_woodlands_huge [nzn_winding_woodlands_5x15_concentric,
          nzn_winding_woodlands_5x15_split_checker,
          nzn_winding_woodlands_5x15_jagged,
          nzn_winding_woodlands_5x15_lazy_stream,
          nzn_winding_woodlands_5x15_zeroes, nzn_winding_woodlands_5x15_cabin,
          nzn_winding_woodlands_5x15_longhouse, nzn_winding_woodlands_5x15_eye,
          nzn_winding_woodlands_5x15_garden, nzn_winding_woodlands_5x15_crooked,
          nzn_winding_woodlands_center_pierced_h,
          nzn_winding_woodlands_center_diamonds,
          nzn_winding_woodlands_15x15_five_gardens], layout_irregular_city,
          serial_shops, shop, amcnicky_mini_corridor_feature,
          minmay_fractal_squares_5, uniq_azrael
D:14:     layout_gridville, erik_vaults_2, serial_shops, shop
D:15:     hellmonk_depths_entry_around_the_bend, layout_irregular_city,
          serial_glass, glass_columns_c, glass_columns_a, nicolae_hexahallways,
          minmay_shop_mass
Lair:1:   dreamdust_cave_troll, layout_cave_shapes, special_room
          [special_room_bee], serial_bayou_shore_b, grunt_megastairs_2,
          serial_bayou_shore_b
Lair:2:   layout_regular_city, minmay_snake_entry_guardpost_medium,
          serial_rivers, chequers_serial_rivers_micro_e,
          chequers_serial_rivers_micro_a, chequers_serial_rivers_room_a,
          chequers_serial_rivers_room_b, chequers_serial_rivers_micro_c,
          chequers_serial_rivers_small_a, hangedman_tree_tricks, uniq_fannar
Lair:3:   layout_regular_city, minmay_swamp_entry_reptiles,
          gauntlet_entry_generic
Lair:4:   layout_hall_layers, nicolae_slime_entry_field_trip,
          columned_hall_lemuel, lemuel_fruit_tree, infiniplex_staircase_pool_2
Lair:5:   grunt_lair_end_beastmaster, layout_small_grid,
          kennysheep_abandoned_house, serial_bayou_shore_a, grunt_megastairs_3
Swamp:1:  layout_falls_marsh, evilmike_swamp_ruin_house_4, swamp_pool_4
Swamp:2:  layout_basic_swamp, hangedman_swamp_pad, swamp_pool_5,
          beargit_elvish_explorers
Swamp:3:  layout_basic_swamp, nicolae_swamp_ascending_descending,
          swamp_pool_1_2, roderic_carrion_pond,
          tekkud_bubbles_buried_in_this_jungle, infiniplex_staircase_pool
Swamp:4:  swamp_basic_johnstein, layout_basic_swamp
Snake:1:  layout_onion, nicolae_integral_box
Snake:2:  layout_honeycomb, uniq_saint_roka, uniq_aizul, uniq_donald
Snake:3:  nrook_guardian_serpent_snake_passage, layout_misc_corridors,
          guppyfry_snake_island
Snake:4:  grunt_snake_rune_serpentine_throne, layout_grid_maze, basic_altar
Orc:1:    layout_caves, serial_shops, shop, nicolae_shop_trees, shop,
          gammafunk_ghost_smash, nicolae_volcano_entry_batcave,
          minmay_orc_temple_a, uniq_harold
Orc:2:    grunt_orc_gardens, layout_diamond_mine, grunt_orc_garden,
          grunt_orc_garden, grunt_orc_garden, grunt_orc_garden, uniq_erolcha
Elf:1:    eino_elf_arrival_sip, layout_gridlike, portal_desolation_entry_salt,
          minmay_elf_annihilation
Elf:2:    elven_hall_of_blades_hangedman_original
          [nicolae_blade_entry_sentries_behind_glass], layout_loops_ring,
          enter_trove_6
Elf:3:    minmay_elf_hall_four_x, layout_onion_city
Vaults:1: vaults_dpeg_hooks, serial_library_hellmonk_open_cross,
          nicolae_vaults_network_star, nicolae_vaults_alarming,
          nicolae_vaults_trapezoid_3, vaults_room_fours,
          nicolae_vaults_specimen_jars, nicolae_vaults_storage_closets_2,
          layout_vaults_chaotic_city
Vaults:2: biasface_ghost_orc_armoury, hangedman_vaults_pinch,
          nicolae_vaults_door_testing_chamber, vaults_room_door_hall,
          v_alt_pattern_4, nicolae_vaults_whirlpool_walls,
          nicolae_vaults_tangram_1, nicolae_vaults_double_plus_2,
          nicolae_vaults_storage_closets_1, v_misc_2,
          nicolae_vaults_taking_the_gang_shopping, nicolae_vaults_tetromino_T_1,
          nicolae_vaults_tetromino_Z_1, layout_vaults_omnicross
Vaults:3: minmay_crypt_entry_simple_round, cheibrodos_frozen_isle,
          v_alt_pattern_3, nicolae_vaults_more_shelving_1,
          nicolae_vaults_network_s, nicolae_vaults_trapezoid_2,
          nicolae_vaults_inception_statues, nicolae_vaults_theta,
          nicolae_vaults_sightless_eye, ontoclasm_vaults_twist,
          nicolae_vaults_lightning_bolt, nicolae_vaults_trapezoid_2,
          layout_vaults_omnibox, serial_shops, nicolae_lakefront_shop
Vaults:4: mu_enter_wizlab_2, nicolae_vaults_big_angled_halls,
          ontoclasm_vaults_eye, ontoclasm_vaults_spin, ontoclasm_vaults_chip,
          nicolae_vaults_closet_pinwheel_5, vaults_room_fancy_cross, v_misc_3,
          v_misc_12, nicolae_vaults_trapezoid_lopsided_2,
          ontoclasm_vaults_hangar, nicolae_vaults_trapezoid_1,
          layout_vaults_maze_bifur, uniq_bai_suzhen
Vaults:5: uniq_margery
Depths:1: layout_roguey, hell_entry, minmay_fractal_squares_diagonal_5,
          grunt_megastairs_1, uniq_mara
Depths:2: minmay_containers, layout_cave_pools, hell_entry, pan_entry,
          small_statue_intersection
Depths:3: dreamdust_tengu_aerie, layout_basic, enter_ziggurat_a,
          abyss_entry_glasseish, hellmouth_2, serial_sigils,
          serial_sigils_hangedman_gnaw, serial_sigils_hangedman_gut,
          serial_sigils_hangedman_writhe, serial_sigils_hangedman_scratch,
          serial_sigils_hangedman_shear, uniq_sojobo, uniq_mennas
Depths:4: grunt_runaround [grunt_runaround_zot, grunt_runaround_doors_1,
          grunt_runaround_doors_2, grunt_runaround_doors_3,
          grunt_runaround_doors_4], hell_entry, pan_entry
Zot:1:    layout_misc_corridors, grunt_ministairs_4
Zot:2:    layout_cellular_growth, regret_index_zotdec_wing_it, uniq_grunn
Zot:3:    layout_twisted_circle, regret_index_zotdec_decaying_basic,
          uniq_parghit
Zot:4:    layout_basic, regret_index_zotdec_twisting_globes
Zot:5:    layout_gridlike, grunt_ministairs_6

Skill      XL: |  1  2  3  4  5  6  7  8  9 10 11 12 13 14 15 16 17 18 19 20 21 22 23 24 25 26 |
---------------+-------------------------------------------------------------------------------+-----
Axes           | 4 5 6 7 8 10 13 15 16 18 | 18.0
Fighting       | 4 5 7 9 11 13 15 16 18 20 21 23 | 23.0
Armour         | 3 5 7 10 12 15 16 18 19 22 23 | 23.0
Throwing       | 3 5 8 13 14 19 20 24 27 | 27.0
Dodging        | 11 13 14 15 18 | 18.7
Evocations     | 5 9 10 13 | 13.0
Shields        | 5 11 17 20 | 20.7

Action                     |  1- 3 |  4- 6 |  7- 9 | 10-12 | 13-15 | 16-18 | 19-21 | 22-24 | 25-27 || total
---------------------------+-------+-------+-------+-------+-------+-------+-------+-------+-------++-------
  Melee: Hand axe          |    84 |    55 |   312 |       |       |       |       |       |       ||   451
         Headbutt          |    11 |     9 |    61 |    81 |   251 |   231 |   256 |   634 |   409 ||  1943
         War axe           |       |       |     3 |   453 |   932 |   913 |   306 |       |       ||  2607
         Flail             |       |       |       |       |    21 |       |       |       |       ||    21
         Broad axe         |       |       |       |       |       |       |   544 |  1774 |  1207 ||  3525
  Throw: Dart              |       |    11 |    39 |     2 |       |       |       |       |       ||    52
         Javelin           |       |       |     2 |       |       |       |       |       |       ||     2
         Boomerang         |       |       |     4 |    58 |    49 |   150 |    31 |    80 |    36 ||   408
 Invoke: Berserk           |     1 |     2 |       |     1 |     3 |     1 |       |     1 |     2 ||    11
         Trog's Hand       |       |     1 |     3 |     2 |     7 |    14 |     8 |    11 |    12 ||    58
         Brothers in Arms  |       |       |       |     1 |     1 |     1 |     2 |     2 |     3 ||    10
  Evoke: Wand              |       |       |       |       |       |     1 |       |       |     6 ||     7
         Phial of floods   |       |       |       |       |       |       |       |     2 |       ||     2
         Phantom mirror    |       |       |       |       |       |       |       |     1 |     1 ||     2
    Use: Scroll            |       |     1 |     6 |     8 |    20 |    10 |     4 |     7 |    10 ||    66
         Potion            |       |       |       |     2 |     1 |     8 |     1 |     5 |    19 ||    36
   Stab: Distracted        |       |       |       |       |     2 |    16 |    17 |       |       ||    35
         Sleeping          |       |       |       |       |       |     1 |       |       |       ||     1
         Invisible         |       |       |       |       |       |       |       |     2 |       ||     2
 Armour: Animal skin       |    15 |       |       |       |       |       |       |       |       ||    15
         Scale mail        |    20 |       |       |       |       |       |       |       |       ||    20
         Chain mail        |     4 |    21 |   250 |   339 |   596 |   273 |       |   139 |       ||  1622
         Swamp dragon scal |       |       |       |       |       |   160 |       |       |       ||   160
         Plate armour      |       |       |       |       |       |   141 |   390 |   303 |       ||   834
         Crystal plate arm |       |       |       |       |       |       |       |   223 |       ||   223
         Gold dragon scale |       |       |       |       |       |       |       |   195 |   996 ||  1191
  Dodge: Dodged            |    36 |    16 |    97 |   175 |   492 |   360 |   269 |   590 |   616 ||  2651
  Block: Other             |    10 |     6 |    55 |    94 |   154 |       |       |       |       ||   319
         Reflection        |     1 |       |     3 |     4 |     7 |       |       |       |       ||    15
         Kite shield       |       |       |       |       |    82 |     3 |   409 |  1187 |  1170 ||  2851
         Tower shield      |       |       |       |       |       |   900 |   229 |       |       ||  1129

Table legend: (Time is in decaauts)
 A = Elapsed time spent in this place.
 B = Non-inter-level travel time spent in this place.
 C = Inter-level travel time spent in this place.
 D = Time resting spent in this place.
 E = Time spent auto-exploring this place.
 F = Levels seen in this place.
 G = Mean time per level.
                   A        B        C        D        E       F      G
               +--------+--------+--------+--------+--------+-----+--------+
         Total |  49005 |  45163 |   3842 |   4695 |  29193 |  51 |  960.9 |
       Dungeon |  14857 |  13408 |   1449 |   1918 |   9034 |  15 |  990.5 |
          Lair |   4984 |   4567 |    417 |    379 |   3260 |   5 |  996.8 |
         Swamp |   3599 |   3359 |    240 |    664 |   1855 |   4 |  899.8 |
     Snake Pit |   3984 |   3741 |    243 |    436 |   2317 |   4 |  996.0 |
  Orcish Mines |   1981 |   1846 |    135 |    201 |   1202 |   2 |  990.5 |
   Elven Halls |   3067 |   2619 |    448 |    142 |   1611 |   3 | 1022.3 |
        Vaults |   6013 |   5731 |    282 |    232 |   3883 |   5 | 1202.6 |
        Depths |   3602 |   3333 |    269 |     35 |   2235 |   4 |  900.5 |
           Zot |   4218 |   3863 |    355 |     91 |   2561 |   5 |  843.6 |
       Volcano |    449 |    449 |      0 |      7 |    264 |   1 |  449.0 |
        Wizlab |    710 |    710 |      0 |    230 |    287 |   1 |  710.0 |
    Desolation |    852 |    852 |      0 |      0 |    534 |   1 |  852.0 |
      Gauntlet |    685 |    685 |      0 |    357 |    148 |   1 |  685.0 |
               +--------+--------+--------+--------+--------+-----+--------+

Top non-repeatable levels by time:
    D:13: 1465 daAuts
Vaults:5: 1436 daAuts
     D:9: 1388 daAuts
 Swamp:2: 1349 daAuts
    D:11: 1322 daAuts
     D:7: 1313 daAuts
  Lair:2: 1310 daAuts
   Elf:3: 1306 daAuts
 Snake:4: 1305 daAuts
Vaults:1: 1275 daAuts
     D:6: 1199 daAuts
    D:10: 1193 daAuts
   Orc:2: 1177 daAuts
Vaults:4: 1143 daAuts
Vaults:2: 1110 daAuts
